Map: Incorporeal LE

Players

ManlyManMeat - Winner!

  • Race: Zerg Zerg
  • League: Diamond
  • Spawn Location: 11:00

VOD

Have the link to the VOD?

Description

Time

  • Played on: Aug. 14, 2025, 1:14 p.m.
  • Length: 282:40
Show
View Real Time Build Order
Export as new Build Order

ManlyManMeat Zerg - Winner!

Build Orders:  

Get SALT Encoding   

  12  4:37  Extractor  
  12  4:38  Extractor, Spawning Pool  
  9  4:51  Hatchery  
  9  4:55  Drone x2  
  9  4:56  Drone  
  11  5:04  Hatchery  
  11  5:05  Evolution Chamber  
  11  5:09  Hatchery  
  8  5:17  Drone  
  9  6:28  Drone x3  
  12  6:41  Drone  
  12  6:43  Overlord  
  12  6:44  Overlord  
  12  6:46  Overlord  
  13  7:27  Drone x5  
  13  7:28  Drone x4  
  22  7:37  Zerg Melee Weapons Level 1  
  22  7:46  Roach Warren  
  22  7:48  Baneling Nest  
  20  7:54  Lair  
  20  8:02  Drone  
  20  8:04  Evolution Chamber  
  20  8:06  Evolution Chamber  
  19  8:10  Overlord  
  19  8:24  Overlord  
  19  8:33  Drone  
  19  8:35  Drone  
  21  8:41  Drone  
  21  8:46  Drone  
  23  8:52  Drone  
  23  8:56  Drone  
  25  9:01  Drone  
  25  9:07  Drone  
  27  9:16  Drone x2  
  29  9:20  Drone  
  29  9:24  Drone  
  29  9:28  Drone  
  32  9:31  Drone  
  32  9:34  Drone  
  32  9:38  Drone  
  35  9:42  Drone  
  35  9:44  Drone  
  35  9:47  Drone  
  38  9:51  Drone  
  39  10:08  Drone x6  
  45  10:11  Drone  
  45  10:15  Zergling x2  
  45  10:16  Zergling x2  
  45  10:18  Zergling x2  
  49  10:21  Zergling x2  
  64  10:30  Zergling x6  
  50  10:36  Overlord  
  50  10:38  Zergling x4  
  50  10:39  Zergling x2  
  56  10:42  Zergling x4  
  57  10:57  Zergling x8  
  60  11:14  Zerg Ground Armor Level 1, Zerg Melee Weapons Level 2  
  60  11:16  Zerg Missile Weapons Level 1  
  60  11:23  Drone x4  
  60  11:25  Drone x4  
  60  11:27  Queen  
  70  11:38  Drone  
  71  11:40  Queen  
  71  11:48  Queen  
  75  12:06  Drone x5  
  80  12:46  Overlord  
  80  12:47  Overlord x4  
  80  12:54  Centrifugal Hooks  
  80  12:58  Infestation Pit  
  79  13:01  Glial Reconstitution  
  79  13:08  Pneumatized Carapace  
  79  13:10  Overseer  
  79  13:11  Queen x2, Overseer  
  83  13:57  Zerg Missile Weapons Level 2  
  83  13:58  Zerg Ground Armor Level 2  
  83  14:05  Extractor  
  83  14:07  Extractor  
  83  14:08  Extractor  
  80  14:10  Extractor  
  80  14:12  Drone x9, Extractor  
  80  14:14  Drone, Extractor  
  80  14:15  Drone x2  
  80  14:16  Drone x3  
  90  14:51  Tunneling Claws  
  90  15:08  Drone  
  90  15:09  Drone x2  
  93  15:10  Drone x8  
  93  15:11  Drone  
  102  15:50  Hydralisk Den  
  102  15:53  Spire  
  102  15:56  Drone x2  
  102  15:57  Drone x2  
  104  16:02  Roach x2  
  104  16:03  Roach x2, Zergling x6  
  104  16:04  Zergling x2  
  104  16:08  Baneling x11  
  104  16:09  Baneling  
  116  16:16  Neural Parasite  
  99  16:20  Hive  
  116  17:45  Lurker Den  
  116  17:47  Ultralisk Cavern  
  116  17:49  Zerg Missile Weapons Level 3, Zerg Melee Weapons Level 3  
  114  17:50  Zerg Ground Armor Level 3  
  110  18:18  Overlord  
  110  18:19  Overlord x9  
  110  18:25  Zerg Flyer Weapons Level 1  
  110  18:29  Spire  
  109  18:34  Spire  
  108  18:48  Unknown  
  108  18:52  Drone  
  108  18:55  Drone  
  108  18:56  Drone  
  111  19:01  Viper  
  111  19:02  Viper x3  
  111  19:05  Ultralisk  
  111  19:08  Adrenal Overload, Ultralisk, Zergling x2  
  111  19:09  Zergling x10  
  141  19:25  Ultralisk  
  147  19:44  Extractor  
  147  19:45  Hatchery  
  147  19:46  Extractor  
  144  19:51  Hatchery, Ultralisk x2  
  144  19:53  Zergling x16  
  144  19:54  Zergling x4  
  165  20:14  Hatchery, Extractor  
  165  20:15  Greater Spire  
  165  20:17  Extractor  
  165  20:18  Unknown  
  165  20:19  Zerg Flyer Armor Level 1  
  162  20:21  Hatchery  
  162  20:23  Extractor  
  160  20:31  Zergling x24  
  160  20:39  Hydralisk  
  180  20:41  Ultralisk  
  180  20:45  Corruptor  
  182  20:52  Chitinous Plating  
  182  21:05  Corruptor x3  
  188  21:30  Zerg Flyer Weapons Level 2  
  188  21:36  Corruptor  
  190  21:42  Drone x3  
  190  21:43  Drone x2, Unknown  
  190  21:44  Drone  
  190  21:46  Drone x3  
  190  21:48  Unknown  
  197  22:34  Corruptor x2  
  198  22:45  Corruptor x3  
  198  22:50  Baneling x25  
  198  22:51  Baneling x9  
  198  22:52  Unknown  
  198  23:02  Corruptor x2  
  198  23:03  Zergling x2, Unknown  
  198  23:04  Zergling x4  
  199  23:15  Zerg Flyer Armor Level 2  
  199  23:32  Overseer x2  
  199  23:33  Overseer  
  199  25:05  Hatchery  
  199  25:06  Hatchery  
  197  25:12  Hatchery  
  196  25:22  Hatchery  
  196  25:28  Hatchery  
  194  25:36  Hatchery  
  194  25:39  Hatchery  
  192  25:42  Zerg Flyer Weapons Level 3  
  114  75:05  Spine Crawler  
  114  75:29  Spine Crawler  
  113  75:30  Spine Crawler  
  113  75:31  Drone  
  113  75:33  Mutalisk  
  117  75:57  Spine Crawler  
  116  78:07  Drone  
  116  78:09  Drone x5  
  121  81:07  Drone x5  
  121  81:08  Drone x11  
  131  83:29  Drone  
  132  83:49  Drone  
  133  83:51  Drone  
  134  84:06  Drone  
  135  84:11  Drone  
  136  84:29  Mutalisk  
  135  85:36  Drone  
  135  85:37  Drone x2  
  138  86:13  Drone x2  
  140  86:44  Drone  
  140  86:45  Drone  
  142  88:19  Drone x2  
  144  88:20  Drone  
  144  91:33  Spine Crawler  
  144  92:23  Hydralisk x2  
  148  93:01  Lurker x2  
  109  94:50  Zergling x2  
  109  94:51  Zergling x8  
  109  94:54  Hydralisk x2  
  109  94:55  Hydralisk x2  
  109  94:56  Hydralisk  
  109  94:57  Corruptor, Infestor  
  109  94:58  Swarm Host  
  131  95:00  Roach, Viper  
  122  98:48  Viper x2  
  128  98:57  Hydralisk x2  
  128  98:58  Hydralisk  
  134  100:06  Corruptor  
  134  100:07  Corruptor x4  
  134  100:08  Corruptor, Zergling x4  
  134  100:09  Zergling x2, Mutalisk x2  
  153  100:10  Hydralisk, Mutalisk  
  153  100:11  Ultralisk x4  
  153  100:12  Ultralisk x3  
  199  105:45  Zerg Flyer Armor Level 3  
  199  106:41  Metabolic Boost  
  194  114:59  Hydralisk x3  
  186  131:48  Drone  
  187  159:41  Drone  
  187  188:30  Drone  
  187  188:31  Drone  
  187  189:28  Drone  
  187  190:23  Greater Spire  
  187  190:24  Greater Spire  
  187  191:10  Drone  
  187  197:20  Drone  
  187  202:25  Drone  
  187  202:27  Mutalisk  
  187  205:34  Drone  
  187  207:58  Drone  
  187  255:27  Drone x3  
  187  255:29  Drone  
  187  255:30  Drone  
  187  255:33  Overlord x5  
  187  255:34  Overlord  
  187  256:36  Lurker  
  187  256:44  Baneling  
  187  256:45  Baneling x4  
  187  256:46  Baneling x4  
  187  256:47  Baneling x2  
  187  261:20  Baneling  
  187  261:21  Zergling x6  
  187  262:09  Spore Crawler  
  187  262:10  Spine Crawler  
  187  263:33  Drone  
  187  267:27  Mutalisk  
  187  268:19  Corruptor  
  187  268:39  Drone  
  187  279:39  Drone  
  187  279:41  Drone  
  187  279:43  Drone  
  187  279:45  Drone  
  187  280:05  Corruptor  
  187  280:07  Corruptor x3  
  187  280:08  Corruptor x2  
Tags
 
Add a new tag
Caveats
  • Supply blocks, unpowered buildings, or Contaminate may cause inaccurate times.
  • Supply counts are checked every 10 seconds.